Map: Dusk Towers

Players

Miszu

  • Race: Terran Terran
  • League: Grandmaster

A.I. 1 (Very Easy) - Winner!

  • Race: Zerg Zerg

VOD

Have the link to the VOD?

Description

Time

  • Played on: Feb. 10, 2016, 8:34 a.m.
  • Length: 5:22
Show
View Real Time Build Order
Export as new Build Order

Miszu Terran 

Build Orders:  

Get SALT Encoding   

  12  4:06  SCV  
  13  4:15  Command Center  
  13  4:18  Command Center, SCV  
  14  4:31  SCV  
  15  5:12  Command Center  
  15  5:13  Command Center  
  15  5:14  Supply Depot x2  
  15  5:15  Supply Depot x2, Command Center  
Show
View Real Time Build Order
Export as new Build Order

A.I. 1 (Very Easy) Zerg - Winner!

Build Orders: Pool Only 

Get SALT Encoding   

  12  0:01  Drone  
  13  0:12  Overlord  
  13  0:17  Drone  
  14  0:36  Spawning Pool  
  14  0:39  Extractor, Drone  
  13  0:47  Drone  
  14  0:51  Overlord  
  14  1:22  Queen  
  14  1:23  Zergling x2  
  17  1:31  Roach Warren  
  17  1:32  Extractor  
  15  1:36  Drone  
  16  1:42  Zergling x2  
  16  1:43  Drone  
  18  1:58  Drone  
  19  2:01  Zergling x2  
  20  2:08  Drone  
  21  2:19  Drone  
  22  2:29  Overlord, Drone  
  23  2:36  Drone  
  24  2:43  Drone  
Tags
 
Add a new tag
Caveats
  • Supply blocks, unpowered buildings, or Contaminate may cause inaccurate times.
  • Supply counts are checked every 10 seconds.